 Dungeon Crawl Stone Soup version 0.14-a0-2564-g94087c3 (webtiles) character file.

658 Lektor the Shield-Bearer (level 7, -3/52 HPs)
             Began as a Demonspawn Fighter on Feb 11, 2014.
             Slain by an iguana (6 damage)
             ... on Level 5 of the Dungeon.
             The game lasted 00:18:01 (3400 turns).

Lektor the Shield-Bearer (Demonspawn Fighter)       Turns: 3400, Time: 00:18:01

HP  -3/52        AC 12     Str 16      XL: 7   Next:  8%
MP   7/7         EV  2     Int 12      God:
Gold 105         SH 19     Dex 12      Spells:  0 memorised,  6 levels left

rFire  . . .     SeeInvis .     a - +0,+1 falchion
rCold  + . .     Clarity  .     k - +1 plate armour
rNeg   . . .     Conserve .     c - +0 shield
rPois  .         rCorr    .     (no helmet)
rElec  .         rRot     .     j - +0 cloak
SustAb . .       Spirit   .     y - +0 pair of gloves
rMut   .         Warding  .     (no boots)
Saprov . . .     Stasis   .     (no amulet)
MR     +....                    r - cursed -3 ring of protection
                                G - ring of protection from magic {unknown}

@: somewhat resistant to hostile enchantments, extremely unstealthy
A: claws 1, icy blue scales 1, cold resistance 1, conserve potions, spiny 1
a: no special abilities


You were on level 5 of the Dungeon.
You were hungry.

You visited 1 branch of the dungeon, and saw 5 of its levels.

You collected 105 gold pieces.

Inventory:

Hand weapons
 a - a +0,+1 falchion (weapon)
 l - a +0 blowgun
 s - a +0,+0 sling
Missiles
 e - 25 darts (quivered)
 t - 20 stones
 w - 4 poisoned needles
Armour
 c - a +0 shield (worn)
 j - a +0 cloak (worn)
 k - a +1 plate armour (worn)
 y - a +0 pair of gloves (worn)
Magical devices
 B - a wand of magic darts (0)
Comestibles
 d - 5 bread rations
 h - a choko
 z - a cheese
 C - an apple
Scrolls
 g - 2 scrolls of remove curse {unknown}
 i - a scroll of enchant armour {unknown}
 m - a scroll of identify {unknown}
 n - 2 scrolls of random uselessness {unknown}
 q - a scroll of fog {unknown}
 u - a scroll of curse weapon {unknown}
Jewellery
 o - an uncursed ring of sustenance
 r - a cursed -3 ring of protection (right hand)
 G - a ring of protection from magic (left hand) {unknown}
Magical staves
 E - an uncursed staff of air


   Skills:
 - Level 3.1 Fighting
 + Level 4.8 Long Blades
 - Level 2.9 Armour
 - Level 0.2 Stealth
 + Level 5.6 Shields


You had 6 spell levels left.
You didn't know any spells.

Dungeon Overview and Level Annotations

Branches:
Dungeon (5/16)
 Temple: D:4-7

Altars:
Makhleb
Vehumet
The Shining One


Innate Abilities, Weirdness & Mutations

You have sharp fingernails.
You are partially covered in icy blue scales (AC +1).
Your flesh is cold resistant.
You are very good at protecting items from cold.
You are partially covered in sharp spines.


Message History

* * * LOW HITPOINT WARNING * * *
Your plate armour prevents you from hitting the iguana.
The iguana bites you!
* * * LOW HITPOINT WARNING * * *
Press: ? - help, v - describe, . - travel The floor.
Read which item? (? for menu, Esc to quit)
As you read the scroll labeled VUCALAOS SMOYD, it crumbles to dust.
You feel forgetful for a moment.
It was a scroll of amnesia.
The iguana bites you but does no damage.
You hit the iguana but do no damage.
The iguana bites you but does no damage.
Your shield and plate armour prevent you from hitting the iguana.
The iguana bites you.
* * * LOW HITPOINT WARNING * * *
Your shield and plate armour prevent you from hitting the iguana.
The iguana bites you but does no damage.
Your plate armour prevents you from hitting the iguana.
The iguana bites you.
You die...

......... #. ..#.........
... ##...#...#..........
....#......##........(...
$.........%##.......=....
...........##............
..%...............(.......
..........................
...[...>........@.........
.................l.......
.........................
.....#...................
.....#..................
.....#.................
....###...#...........
....# ###....#.......
..### ...........


You could see an iguana.

Vanquished Creatures
  The ghost of MirrMurr the Covert, an average SpEn (D:5)
  An ice beast (D:5)
  A crimson imp (D:3)
  An orc priest (D:4)
  An iguana (D:4)
  2 worker ants
  6 adders
  3 worms
  2 giant mites
  A grey rat (D:2)
  3 giant geckos
  3 orcs (D:4)
  3 giant cockroaches
  5 goblins
  5 hobgoblins
  7 jackals
  7 kobolds
  3 bats
  4 giant newts
  A quokka (D:4)
  27 rats
87 creatures vanquished.

Notes
Turn   | Place    | Note
--------------------------------------------------------------
     0 | D:1      | Lektor, the Demonspawn Fighter, began the quest for the Orb.
     0 | D:1      | Reached XP level 1. HP: 18/18 MP: 1/1
    99 | D:1      | Gained mutation: You are partially covered in sharp spines. [demonic ancestry]
    99 | D:1      | Reached XP level 2. HP: 18/24 MP: 2/2
   718 | D:2      | Reached XP level 3. HP: 29/29 MP: 3/3
  1144 | D:2      | Gained mutation: Your flesh is cold resistant. [demonic ancestry]
  1144 | D:2      | Reached XP level 4. HP: 27/35 MP: 4/4
  1737 | D:3      | Found a glowing golden altar of the Shining One.
  1892 | D:3      | Found a burning altar of Makhleb.
  1893 | D:3      | Found a radiant altar of Vehumet.
  1966 | D:3      | Reached skill level 4 in Shields
  1966 | D:3      | Gained mutation: You are partially covered in icy blue scales (AC +1). [demonic ancestry]
  1966 | D:3      | Reached XP level 5. HP: 41/41 MP: 5/5
  2764 | D:5      | Entered Level 5 of the Dungeon
  2764 | D:5      | Noticed MirrMurr's ghost (average SpEn)
  3193 | D:5      | Killed MirrMurr's ghost
  3193 | D:5      | Reached skill level 5 in Shields
  3193 | D:5      | Gained mutation: You have sharp fingernails. [demonic ancestry]
  3193 | D:5      | Reached XP level 6. HP: 43/47 MP: 6/6
  3361 | D:5      | Noticed an ice beast
  3392 | D:5      | Killed an ice beast
  3392 | D:5      | Gained mutation: You are very good at protecting items from cold. [demonic ancestry]
  3392 | D:5      | Reached XP level 7. HP: 13/52 MP: 7/7
  3398 | D:5      | HP: 2/52 [iguana (2)]
  3400 | D:5      | Slain by an iguana

Action                   |  1- 3 |  4- 6 |  7- 9 || total
-------------------------+-------+-------+-------++-------
Melee: Falchion          |   163 |   215 |     7 ||   385
Throw: Dart              |     6 |    34 |       ||    40
  Use: Scroll            |       |     2 |     1 ||     3
       Potion            |       |     6 |       ||     6
